 Dungeon Crawl Stone Soup version 0.30-a0-972-gf3ab3527aa (webtiles) character file.

Game seed: 15679032766720013864

359 Newt the Skirmisher (level 6, 0/40 HPs)
             Began as a Kobold Hunter on Mar 31, 2023.
             Slain by a water moccasin (6 damage)
             ... on level 5 of the Dungeon.
             The game lasted 00:03:23 (4477 turns).

Newt the Skirmisher (Kobold Hunter)                 Turns: 4477, Time: 00:03:24

Health: 0/40       AC:  6    Str:  9    XL:     6   Next: 98%
Magic:  6/6        EV: 14    Int: 10    God:
Gold:   195        SH:  0    Dex: 20    Spells: 5/5 levels left

rFire   . . .      SeeInvis +    a - +1 shortbow
rCold   . . .      Faith    .    (shield currently unavailable)
rNeg    . . .      Spirit   .    c - +0 leather armour
rPois   .          Reflect  .    (no helmet)
rElec   .          Rampage  .    l - +1 cloak
rCorr   .                        f - +0 pair of gloves
Will    .....                    (no boots)
Stlth   +++                      (no amulet)
HPRegen 0.26/turn                i - ring of see invisible
MPRegen 0.10/turn                (no ring)

@: lethally poisoned (0 -> -4)
A: small, no large weapons, nightstalker 3
a: no special abilities


You were on level 5 of the Dungeon.
You visited 1 branch of the dungeon, and saw 5 of its levels.

You collected 195 gold pieces.

Inventory:

Hand Weapons
 a - a +1 shortbow (weapon)
Missiles
 r - a throwing net
Armour
 c - a +0 leather armour (worn)
 f - a +0 pair of gloves (worn)
 l - a +1 cloak (worn)
Jewellery
 i - a ring of see invisible (left hand)
Wands
 k - a wand of flame (17)
 n - a wand of digging (6)
 o - a wand of polymorph (8)
 s - a wand of roots (8)
 t - a wand of quicksilver (2)
Scrolls
 b - a scroll of immolation
 j - a scroll of fog
 m - a scroll of fear
 q - a scroll of vulnerability
Potions
 d - 2 potions of curing {unknown}
 e - 2 potions of flight {unknown}
 g - 2 potions of brilliance
 h - a potion of heal wounds
 p - a potion of attraction


   Skills:
 - Level 5.0 Fighting
 + Level 8.6 Ranged Weapons
 - Level 2.4 Dodging
 - Level 1.3 Stealth


You had 5 spell levels left.
You didn't know any spells.
Your spell library contained the following spells:

 Spells                   Type           Power      Damage    Failure   Level
 Teleport Other           Tloc           0%         N/A       85%         3
 Vhi's Electric Charge    Tloc/Air       0%         N/A       85%         3
 Iskenderun's Mystic Bla  Conj/Tloc      0%         2d3       99%         4
 Summon Ice Beast         Ice/Summ       0%         N/A       99%         4
 Arcjolt                  Conj/Air       0%         1d10      100%        5
 Summon Mana Viper        Hex/Summ       0%         N/A       100%        5
 Monstrous Menagerie      Summ           0%         N/A       100%        7
 Disjunction              Tloc           0%         N/A       100%        8
 Maxwell's Capacitive Co  Air            0%         ∞         100%        8


Dungeon Overview and Level Annotations

Branches:
Dungeon (5/15)
 Temple: D:4-7

Altars:
Uskayaw
Wu Jian


Innate Abilities, Weirdness & Mutations

You are small and have problems with some larger weapons.
You are completely attuned to the shadows.


Message History

The water moccasin bites you.
You are poisoned.
The water moccasin poisons you!
You shoot an arrow. The arrow hits the water moccasin.
The water moccasin is moderately wounded.
You feel very sick. The water moccasin bites you.
You are lethally poisoned!
The water moccasin poisons you! The water moccasin barely misses you.
You shoot an arrow. The arrow hits the water moccasin.
The water moccasin is heavily wounded.
You feel very sick. The water moccasin bites you!
* * * LOW HITPOINT WARNING * * *
The water moccasin barely misses you.
You are too injured to fight recklessly!
You are too injured to fight recklessly!
Unknown command.
You feel much better.
You feel very sick. The water moccasin bites you.
You shoot an arrow.
The arrow closely misses the water moccasin.
You feel very sick. The water moccasin closely misses you.
The water moccasin completely misses you.
You shoot an arrow. The arrow hits the water moccasin.
The water moccasin is heavily wounded.
You feel very sick.
The water moccasin closely misses you. x2
You shoot an arrow. The arrow hits the water moccasin!
The water moccasin is almost dead.
You feel sick. The water moccasin bites you.
* * * LOW HITPOINT WARNING * * *
You shoot an arrow.
The arrow hits the water moccasin but does no damage.
The water moccasin is almost dead.
* * * LOW HITPOINT WARNING * * *
You feel sick. The water moccasin bites you.
You die...

...#........................##.##
...'.#....................†....##
...###....................#######
...# #.##.................# # ..
....#........#####.....
###..#........# #. #........####
............# #.....@...#
#.....S...# #.........#
..........# .........


You could see a water moccasin.

Vanquished Creatures
  A scorpion (D:4)
  2 hounds (D:4)
  Ijyb (D:3)
  4 gnolls (D:4)
  7 adders
  An ufetubus (D:3)
  A worm (D:2)
  4 dart slugs
  8 orcs
  8 bats
  5 endoplasms
  5 giant cockroaches
  8 goblins
  7 hobgoblins
  4 quokkas
  7 ball pythons
  A frilled lizard (D:1)
  8 kobolds
  10 rats
92 creatures vanquished.

Vanquished Creatures (others)
  5 toadstools (D:1)
5 creatures vanquished.

Grand Total: 97 creatures vanquished

Notes
Turn   | Place    | Note
-------+----------+-------------------------------------------
     0 | D:1      | Newt the Kobold Hunter began the quest for the Orb.
     0 | D:1      | Reached XP level 1. HP: 12/12 MP: 1/1
   164 | D:1      | Reached XP level 2. HP: 16/18 MP: 2/2
   476 | D:1      | Reached XP level 3. HP: 23/23 MP: 3/3
   956 | D:2      | Reached XP level 4. HP: 20/30 MP: 4/4
  1485 | D:2      | Reached skill level 5 in Fighting
  1963 | D:3      | Reached XP level 5. HP: 35/35 MP: 5/5
  2005 | D:3      | Reached skill level 6 in Ranged Weapons
  2321 | D:3      | Found a hide-covered altar of Uskayaw.
  2471 | D:3      | Noticed Ijyb
  2480 | D:3      | Killed Ijyb
  2786 | D:3      | Got the Anthology of Dislocation
  3289 | D:4      | Reached skill level 7 in Ranged Weapons
  3289 | D:4      | Reached XP level 6. HP: 32/40 MP: 6/6
  3602 | D:4      | Reached skill level 8 in Ranged Weapons
  4249 | D:4      | Found an ornate altar of the Wu Jian Council.
  4372 | D:5      | Entered Level 5 of the Dungeon
  4466 | D:5      | Noticed a water moccasin
  4477 | D:5      | Slain by a water moccasin

Illustrated notes

Levels and vault maps discovered:
D:1:      ldierk_walled_garden, layout_basic
D:2:      layout_basic
D:3:      layout_basic, nicolae_uskayaw_dance_hall, uniq_ijyb
D:4:      layout_cave_pools, kennysheep_little_box, grunt_decor_one_mirror,
          hangedman_glass_teeth
D:5:      layout_basic, uniq_grinder

Skill      XL: |  1  2  3  4  5  6 |
---------------+-------------------+-----
Fighting       | 3 4 5 |  5.0
Ranged Weapons | 7 8 |  8.6
Dodging        | |  2.4
Stealth        | |  1.3

Action                     |  1- 3 |  4- 6 || total
---------------------------+-------+-------++-------
   Fire: Shortbow          |    88 |   175 ||   263
    Use: Scroll            |     3 |     8 ||    11
         Potion            |       |     3 ||     3
 Armour: Leather armour    |    16 |    27 ||    43
  Dodge: Dodged            |    58 |    87 ||   145

Table legend: (Time is in decaauts)
 A = Elapsed time spent in this place.
 B = Non-inter-level travel time spent in this place.
 C = Inter-level travel time spent in this place.
 D = Time resting spent in this place.
 E = Time spent auto-exploring this place.
 F = Levels seen in this place.
 G = Mean time per level.
                   A        B        C        D        E       F      G
               +--------+--------+--------+--------+--------+-----+--------+
         Total |   4541 |   4445 |     96 |    862 |   3046 |   5 |  908.2 |
       Dungeon |   4541 |   4445 |     96 |    862 |   3046 |   5 |  908.2 |
               +--------+--------+--------+--------+--------+-----+--------+

Top non-repeatable levels by time:
     D:3: 1500 daAuts
     D:2: 1219 daAuts
     D:4: 938 daAuts
     D:1: 776 daAuts
     D:5: 106 daAuts
